 Dungeon Crawl Stone Soup version 0.26.1-16-g4e020e15dc (webtiles) character file.

Game seed: 12336669446382737749

3073 Froggeryz the Slicer (level 9, -3/64 HPs)
             Began as an Octopode Berserker on Feb 4, 2024.
             Was an Elder of Trog.
             Slain by a bullfrog (5 damage)
             ... on level 9 of the Dungeon.
             The game lasted 00:09:01 (9830 turns).

Froggeryz the Slicer (Octopode Berserker)           Turns: 9830, Time: 00:09:01

Health: -3/64      AC:  1    Str: 17    XL:     9   Next: 88%
Magic:  9/9        EV: 15    Int:  9    God:    Trog [****..]
Gold:   508        SH:  5    Dex: 14    Spells: 8/8 levels left

rFire    + . .     SeeInvis +   r - +2 dagger (venom)
rCold    . . .     Faith    .   w - +0 buckler
rNeg     . . .     Spirit   .   (helmet restricted)
rPois    .         Reflect  .   (no amulet)
rElec    .         Harm     .   c - ring of see invisible
rCorr    .         Rampage  .   J - ring of protection from fire
Will     .....                  (no ring)
Stlth    ++++......             (no ring)
HPRegen  0.20/turn              (no ring)
MPRegen  0.11/turn              (no ring)
                                (no ring)
                                (no ring)

@: no status effects
A: almost no armour, stealthy swim, amphibious, 8 rings, constrict 8, camouflage
1, gelatinous body 1
a: Renounce Religion, Berserk, Trog's Hand, Brothers in Arms


You were on level 9 of the Dungeon.
You worshipped Trog.
Trog was greatly pleased with you.
You visited 1 branch of the dungeon, and saw 9 of its levels.

You collected 655 gold pieces.
You spent 147 gold pieces at shops.

Inventory:

Hand Weapons
 r - a +2 dagger of venom (weapon)
Missiles
 f - 22 poisoned darts (quivered)
 h - a throwing net
 u - 3 javelins
 B - 8 boomerangs
Armour
 w - a +0 buckler (worn)
Jewellery
 c - a ring of see invisible (left tentacle)
 J - a ring of protection from fire (right tentacle)
Wands
 a - a wand of flame (3)
 p - a wand of iceblast (5)
 y - a wand of random effects (15)
 C - a wand of acid (8)
 I - a wand of polymorph (9)
Scrolls
 b - 9 scrolls of remove curse
 i - 3 scrolls of immolation
 k - 6 scrolls of teleportation
 o - a scroll of enchant armour
 q - 3 scrolls of enchant weapon
 s - a scroll of noise
 v - 2 scrolls of random uselessness {unknown}
 z - 2 scrolls of blinking {unknown}
 D - a scroll of magic mapping {unknown}
 G - a scroll of holy word {unknown}
 H - a scroll of fog {unknown}
Potions
 d - 2 potions of lignification {unknown}
 e - 4 potions of curing {unknown}
 g - 2 potions of brilliance {unknown}
 j - a potion of invisibility {unknown}
 l - 3 potions of flight {unknown}
 m - 5 potions of haste {unknown}
 n - 3 potions of magic {unknown}
 t - 3 potions of heal wounds {unknown}
 x - a potion of cancellation {unknown}
 A - a potion of mutation {unknown}
 E - a potion of attraction {unknown}
 F - a potion of resistance {unknown}
 K - a potion of ambrosia {unknown}


   Skills:
 + Level 7.3 Fighting
 + Level 9.6 Short Blades
 - Level 2.8 Throwing
 + Level 3.6 Dodging
 - Level 6.0 Stealth
 - Level 4.1 Shields


You had 8 spell levels left.
You didn't know any spells.
Your spell library was empty.

Dungeon Overview and Level Annotations

Branches:
Dungeon (9/15)             Temple (0/1) D:7
   Lair: D:8-11         Orc: D:9-12

Altars:
Cheibriados
Elyvilon
Kikubaaqudgha
Nemelex Xobeh
Qazlal
Ru
Sif Muna
Wu Jian
Xom

Shops:
D:7 *=


Innate Abilities, Weirdness & Mutations

You cannot wear most types of armour.
You are very stealthy in the water. (Stealth+)
You are amphibious.
You can wear up to eight rings at the same time.
You can use your tentacles to constrict eight enemies at once.
Your skin changes colour to match your surroundings (Stealth+).
Your rubbery body absorbs attacks. (AC +1, EV +1)


Message History

The electric eel shoots out a bolt of lightning at you!
The bolt of electricity misses you.
The electric eel is engulfed in a cloud of scalding steam.
You kill the electric eel!
Trog accepts your kill.
You hear a splash.
The bullfrog hits you.
* * * LOW HITPOINT WARNING * * *
A kobold comes into view. It is wielding a +0 club.
The bullfrog closely misses you.
The white imp shouts!
The bullfrog barely misses you.
A slime creature comes into view.
You block the bullfrog's attack.
The electric eel shoots out a bolt of lightning at you!
The bolt of electricity hits the white imp!
The bolt of electricity hits you!
* * * LOW HITPOINT WARNING * * *
The bullfrog hits you.
You die...

...##...#≈≈≈##... #..
#K.#†≈##...
#.##...§≈#..#
#......≈≈#.l#
##.K##.≈≈#..#
#...##≈≈#..#
#...#.##≈≈##[..
###.###F..5≈≈# .
#...###@##.≈;8#
##.###...##.≈≈J.8.
#####..##..######≈≈≈...
#.........## .≈≈≈.>
#......#### .#≈≈≈≈
#(.....###.. )5#≈≈≈
#............ .#
#>......#####
#####......##


You could see a wyvern (wandering), a bullfrog, a white imp and a kobold.

Vanquished Creatures
  A wraith (D:8)
  Edmund (D:4)
  Duvessa (D:4)
  2 orc warriors
  An ice beast (D:8)
  2 sky beasts (D:8)
  A phantom (D:7)
  3 centaurs
  2 ogres
  3 bullfrogs
  Dowan (D:4)
  2 scorpions
  An electric eel (D:9)
  8 wights
  A quasit (D:7)
  A bullfrog zombie (D:5)
  2 jellies
  3 hounds
  5 orc priests
  2 bullfrog skeletons
  5 orc wizards
  3 iguanas
  2 worker ants
  10 adders
  11 gnolls
  A howler monkey skeleton (D:7)
  A shadow imp (D:8)
  3 ufetubi
  3 worms
  3 dart slugs
  5 leopard geckos
  20 orcs
  3 ball pythons
  7 giant cockroaches
  10 goblins
  9 hobgoblins
  3 jackals
  6 kobolds
  3 quokkas
  5 bats
  4 frilled lizards
  A jackal skeleton (D:5)
  A leopard gecko skeleton (D:4)
  A leopard gecko zombie (D:5)
  A quokka zombie (D:5)
  7 rats
171 creatures vanquished.

Notes
Turn   | Place    | Note
-------+----------+-------------------------------------------
     0 | D:1      | Froggeryz the Octopode Berserker began the quest for the
                  | Orb.
     0 | D:1      | Reached XP level 1. HP: 16/16 MP: 1/1
    90 | D:1      | Reached skill level 1 in Stealth
    90 | D:1      | Reached XP level 2. HP: 21/21 MP: 2/2
   545 | D:1      | Reached ** piety under Trog
   548 | D:1      | Reached XP level 3. HP: 15/26 MP: 3/3
  1345 | D:2      | Found a sparkling altar of Nemelex Xobeh.
  1422 | D:2      | Found an ornate altar of the Wu Jian Council.
  1508 | D:2      | Noticed an ogre
  1516 | D:2      | Killed an ogre
  1517 | D:2      | Reached skill level 4 in Short Blades
  1517 | D:2      | Reached XP level 4. HP: 33/33 MP: 4/4
  1517 | D:2      | Reached XP level 5. HP: 37/37 MP: 5/5
  1833 | D:2      | Found a sacrificial altar of Ru.
  2405 | D:3      | Found a white marble altar of Elyvilon.
  2420 | D:3      | Reached skill level 5 in Short Blades
  2496 | D:3      | Reached XP level 6. HP: 33/43 MP: 6/6
  2821 | D:3      | Reached *** piety under Trog
  3251 | D:3      | Found a stormy altar of Qazlal.
  3251 | D:3      | Found a snail-covered altar of Cheibriados.
  3417 | D:4      | Noticed Duvessa
  3426 | D:4      | Killed Duvessa
  3429 | D:4      | Noticed Dowan
  3435 | D:4      | Killed Dowan
  3436 | D:4      | Reached XP level 7. HP: 34/49 MP: 7/7
  3645 | D:4      | Noticed Edmund
  3666 | D:4      | Killed Edmund
  3667 | D:4      | Reached skill level 6 in Short Blades
  3667 | D:4      | Reached skill level 5 in Stealth
  4297 | D:4      | Found a shimmering blue altar of Sif Muna.
  4459 | D:5      | Entered Level 5 of the Dungeon
  4468 | D:5      | Reached skill level 5 in Fighting
  4675 | D:5      | Reached XP level 8. HP: 55/55 MP: 8/8
  4696 | D:5      | Reached skill level 7 in Short Blades
  4891 | D:5      | Found an ancient bone altar of Kikubaaqudgha.
  5193 | D:6      | Reached skill level 1 in Throwing
  5450 | D:6      | Found a shimmering altar of Xom.
  5780 | D:6      | Reached skill level 8 in Short Blades
  6341 | D:7      | Found a staircase to the Ecumenical Temple.
  6380 | D:7      | Found Leusoth's Jewellery Shoppe.
  6443 | D:7      | Reached skill level 1 in Shields
  6443 | D:7      | Reached XP level 9. HP: 61/63 MP: 9/9
  6554 | D:7      | Reached **** piety under Trog
  6868 | D:7      | Found Houtha's Assorted Antiques.
  7009 | D:7      | Bought a bubbling clear potion for 27 gold pieces
  7009 | D:7      | Bought a crooked bone wand for 120 gold pieces
  7837 | D:7      | Reached skill level 9 in Short Blades
  9829 | D:9      | HP: 2/64 [electric eel/bolt of electricity (12)]
  9830 | D:9      | Slain by a bullfrog

Illustrated notes

Levels and vault maps discovered:
D:1:      moated_graveyard_arrival, layout_loops_ring, minmay_misc_feat_rows,
          hangedman_decor_push, minmay_quantized
D:2:      layout_basic, marbit_many_paths, pdpol_wu_jian_five_deadly_venoms,
          nemelex_xobeh_ov_fountains_minmay
D:3:      layout_basic, general_overflow_altar,
          gammafunk_temple_overflow_elements, minmay_fractal_squares_gapless_5
D:4:      layout_basic, led_sif_pool, uniq_edmund, uniq_duvessa
D:5:      layout_cave_pools, lemuel_coloured_pillars_altar, minmay_small_thing
D:6:      layout_cave_pools, lemuel_round_altar, nicolae_underground_beach
D:7:      layout_layer_cave, minmay_temple_entry_steel_oval, serial_shops, shop,
          nicolae_shop_statue_plus
D:8:      layout_gridville
D:9:      layout_rooms, old_standard_altar, serial_glass, glass_columns_b,
          glass_columns_a, kennysheep_island_fort, uniq_gastronok

Skill      XL: |  1  2  3  4  5  6  7  8  9 |
---------------+----------------------------+-----
Stealth        | 1 3 4 6 |  6.0
Short Blades   | 4 5 6 8 9 |  9.6
Fighting       | 4 5 6 7 |  7.3
Throwing       | 2 |  2.8
Shields        | 1 4 |  4.1
Dodging        | |  3.6

Action                   |  1- 3 |  4- 6 |  7- 9 || total
-------------------------+-------+-------+-------++-------
Melee: Short sword       |    57 |   100 |       ||   157
       Constrict         |    15 |    23 |    65 ||   103
       Tentacles         |     8 |    22 |    87 ||   117
       Dagger            |       |       |   319 ||   319
Throw: Dart              |     1 |    14 |       ||    15
Invok: Berserk           |     1 |     1 |     2 ||     4
       Trog's Hand       |       |       |     1 ||     1
Evoke: Wand              |       |       |     1 ||     1
  Use: Scroll            |       |       |     6 ||     6
 Stab: Sleeping          |     7 |     6 |    14 ||    27
Armor: Skin              |     6 |     5 |    11 ||    22
Dodge: Dodged            |    34 |    55 |   147 ||   236
Block: Buckler           |       |       |    11 ||    11
